 Dungeon Crawl Stone Soup version 0.21-a0-504-g2eda330 (webtiles) character file.

178 KristoblXynda the Charmwright (level 5, -4/43 HPs)
             Began as a Gnoll Skald on Nov 26, 2017.
             Slain by an orc
             ... wielding a +0 trident
              (7 damage)
             ... on level 3 of the Dungeon.
             The game lasted 00:04:26 (1523 turns).

KristoblXynda the Charmwright (Gnoll Skald)         Turns: 1523, Time: 00:04:27

Health: -4/43      AC:  5    Str: 14    XL:     5   Next: 58%
Magic:  12/12      EV: 13    Int: 16    God:
Gold:   47         SH:  0    Dex: 14    Spells: 10/14 levels left

rFire    . . .     SeeInvis .   a - +0 falchion
rCold    . . .     Gourm    .   (no shield)
rNeg     . . .     Faith    .   s - +0 ring mail
rPois    .         Spirit   .   (no helmet)
rElec    .         Reflect  .   (no cloak)
rCorr    .         Harm     .   (no gloves)
MR       .....                  (no boots)
Stlth    ++........             (no amulet)
HPRegen  0.14/turn              m - ring of stealth
MPRegen  0.13/turn              (no ring)

@: no status effects
A: distributed training, fangs 1, strong nose
a: no special abilities


You were on level 3 of the Dungeon.
You were not hungry.

You visited 1 branch of the dungeon, and saw 3 of its levels.

You collected 47 gold pieces.

Inventory:

Hand Weapons
 a - a +0 falchion (weapon)
Armour
 s - a +0 ring mail (worn)
Jewellery
 m - a ring of stealth (left hand)
Scrolls
 g - 2 scrolls of remove curse {unknown}
 j - a scroll of fog {unknown}
 k - a scroll of enchant weapon {unknown}
 l - a scroll of teleportation {unknown}
 p - a scroll of enchant armour {unknown}
 q - 2 scrolls of magic mapping {unknown}
 t - a scroll of fear {unknown}
Potions
 b - a potion of mutation {unknown}
 e - a potion of berserk rage {unknown}
 f - a potion of haste {unknown}
 n - 3 potions of flight
 o - a potion of brilliance
 r - 2 potions of resistance
Books
 c - a book of Battle

   Spells                             Type                      Level
   a - Infusion                       Charms                       1
   b - Shroud of Golubria             Charms/Translocation         2
   c - Song of Slaying                Charms                       2
   d - Spectral Weapon                Hexes/Charms                 3
   e - Regeneration                   Charms/Necromancy            3
Comestibles
 d - 3 bread rations
 h - 8 chunks of flesh
 u - 2 royal jellies
 w - 2 fruits


   Skills:
 + Level 4.8 Fighting
 + Level 1.5 Short Blades
 + Level 4.8 Long Blades
 + Level 1.5 Axes
 + Level 1.5 Maces & Flails
 + Level 1.5 Polearms
 + Level 1.5 Staves
 + Level 1.5 Slings
 + Level 1.5 Bows
 + Level 1.5 Crossbows
 + Level 1.5 Throwing
 + Level 3.0 Armour
 + Level 4.8 Dodging
 + Level 1.5 Stealth
 + Level 1.5 Shields
 + Level 1.5 Unarmed Combat
 + Level 5.2 Spellcasting
 + Level 1.2 Conjurations
 + Level 1.2 Hexes
 + Level 5.5 Charms
 + Level 1.2 Summonings
 + Level 1.2 Necromancy
 + Level 1.2 Translocations
 + Level 1.2 Transmutations
 + Level 1.2 Fire Magic
 + Level 1.2 Ice Magic
 + Level 1.2 Air Magic
 + Level 1.2 Earth Magic
 + Level 1.2 Poison Magic
 + Level 1.7 Invocations
 + Level 1.5 Evocations


You had 10 spell levels left.
You knew the following spells:

 Your Spells              Type           Power        Failure   Level  Hunger
a - Infusion              Chrm           ###.         3%          1    None
b - Regeneration          Chrm/Necr      ###.......   22%         3    ###....


Dungeon Overview and Level Annotations

Branches:
Dungeon (3/15)

Altars:
Uskayaw


Innate Abilities, Weirdness & Mutations

Your experience applies equally to all skills.
You have very sharp teeth.
Your uncanny sense of smell can sniff out nearby items.


Message History

You kill the orc!
The orc hits you. The orc hits you but does no damage.
You slash the orc!
You kill the orc!
The orc hits you from afar with a trident.
The orc barely misses you.
Items here: $ = [ † a scale mail; a twisted garnet ring; 9 gold pieces; an orc corpse You hit the orc.
The orc is lightly wounded.
The orc hits you with a trident.
* * * LOW HITPOINT WARNING * * *
You barely miss the orc.
The orc is lightly wounded.
The orc hits you with a trident!
* * * LOW HITPOINT WARNING * * *
You hit the orc but do no damage. You bite the orc, but do no damage.
The orc is lightly wounded.
The orc hits you with a trident!
You die...

#.# #.# #. #####.#### #.# #.
#........# #####.##### #.
#.###.##(####.......<.# #. #.#
#.#...............# #. #.#
#.#..####..#####..########. #.#
#......##..# #........... #.#
###..#...o.# #..#########
##.#####..####)@# #..#
#.........#####.#####.##
##.######..............#
#.......###########.####
...###....# #.# 8..†_...8.# #.#
..).)....)####### #.###
8.......8.......# #.#.#######
..........#####.###.........#####


You could see an orc.

Vanquished Creatures
  A hound (D:3)
  2 orc wizards (D:3)
  2 adders (D:2)
  2 dart slugs (D:2)
  A worm (D:2)
  2 leopard geckos
  10 orcs (D:3)
  3 ball pythons
  4 bats
  2 giant cockroaches
  5 goblins
  4 hobgoblins
  6 jackals
  5 kobolds
  2 frilled lizards
  8 rats
59 creatures vanquished.

Notes
Turn   | Place    | Note
-------+----------+-------------------------------------------
     0 | D:1      | KristoblXynda the Gnoll Skald began the quest for the Orb.
     0 | D:1      | Reached XP level 1. HP: 20/20 MP: 6/6
   193 | D:1      | Reached XP level 2. HP: 26/26 MP: 7/7
   664 | D:2      | Reached XP level 3. HP: 31/31 MP: 9/9
   670 | D:2      | Learned a level 3 spell: Regeneration
   689 | D:2      | Reached skill level 5 in Spellcasting
   850 | D:2      | Reached skill level 1 in Invocations
   913 | D:2      | Reached skill level 1 in Short Blades
   913 | D:2      | Reached skill level 1 in Axes
   913 | D:2      | Reached skill level 1 in Maces & Flails
   913 | D:2      | Reached skill level 1 in Polearms
   913 | D:2      | Reached skill level 1 in Staves
   913 | D:2      | Reached skill level 1 in Slings
   913 | D:2      | Reached skill level 1 in Bows
   913 | D:2      | Reached skill level 1 in Crossbows
   913 | D:2      | Reached skill level 1 in Throwing
   913 | D:2      | Reached skill level 1 in Stealth
   913 | D:2      | Reached skill level 1 in Shields
   913 | D:2      | Reached skill level 1 in Unarmed Combat
   913 | D:2      | Reached skill level 1 in Evocations
   913 | D:2      | Reached XP level 4. HP: 25/38 MP: 11/11
  1212 | D:3      | Found a hide-covered altar of Uskayaw.
  1282 | D:3      | Reached skill level 1 in Conjurations
  1282 | D:3      | Reached skill level 1 in Hexes
  1282 | D:3      | Reached skill level 1 in Summonings
  1282 | D:3      | Reached skill level 1 in Necromancy
  1282 | D:3      | Reached skill level 1 in Translocations
  1282 | D:3      | Reached skill level 1 in Transmutations
  1282 | D:3      | Reached skill level 1 in Fire Magic
  1282 | D:3      | Reached skill level 1 in Ice Magic
  1282 | D:3      | Reached skill level 1 in Air Magic
  1282 | D:3      | Reached skill level 1 in Earth Magic
  1282 | D:3      | Reached skill level 1 in Poison Magic
  1342 | D:3      | Reached XP level 5. HP: 41/43 MP: 12/12
  1523 | D:3      | Slain by an orc

Vault maps used:
D:1:      dpeg_arrival_erosion, minivault_25
D:3:      eat_drink_and_be_merry_uskayaw

Skill      XL: |  1  2  3  4  5 |
---------------+----------------+-----
Spellcasting   | 5 |  5.2
Invocations    | 1 |  1.7
Short Blades   | 1 |  1.5
Axes           | 1 |  1.5
Maces & Flails | 1 |  1.5
Polearms       | 1 |  1.5
Staves         | 1 |  1.5
Slings         | 1 |  1.5
Bows           | 1 |  1.5
Crossbows      | 1 |  1.5
Throwing       | 1 |  1.5
Stealth        | 1 |  1.5
Shields        | 1 |  1.5
Unarmed Combat | 1 |  1.5
Evocations     | 1 |  1.5
Conjurations   | 1 |  1.2
Hexes          | 1 |  1.2
Summonings     | 1 |  1.2
Necromancy     | 1 |  1.2
Translocations | 1 |  1.2
Transmutations | 1 |  1.2
Fire Magic     | 1 |  1.2
Ice Magic      | 1 |  1.2
Air Magic      | 1 |  1.2
Earth Magic    | 1 |  1.2
Poison Magic   | 1 |  1.2
Armour         | 3 |  3.0
Fighting       | |  4.8
Long Blades    | |  4.8
Dodging        | |  4.8
Charms         | |  5.5

Action                   |  1- 3 |  4- 6 || total
-------------------------+-------+-------++-------
Melee: Falchion          |    83 |   109 ||   192
       Bite              |    12 |    13 ||    25
  Use: Scroll            |       |     4 ||     4
       Potion            |       |     1 ||     1
 Stab: Sleeping          |     1 |     1 ||     2
  Eat: Chunk             |       |     2 ||     2
Armor: Leather armour    |    12 |       ||    12
       Ring mail         |     3 |    25 ||    28
Dodge: Dodged            |    85 |   101 ||   186
       Rpst.: Falchion   |    30 |    26 ||    56

Table legend:
 A = Spawn XP
 B = Non-spawn XP
 C = Spawn XP percentage of total XP
 D = Spawn monster count
 E = Non-spawn monster count
 F = Spawn count percentage of total count
 G = Total turns spent on level
                    A         B        C        D         E        F      G
               +---------+---------+-------+---------+---------+-------+---------
         Total |       0 |     255 |   0.0 |       0 |      59 |   0.0 |  1523
               +---------+---------+-------+---------+---------+-------+---------
           D:1 |       0 |      24 |   0.0 |       0 |      14 |   0.0 |   636
           D:2 |       0 |      61 |   0.0 |       0 |      20 |   0.0 |   412
           D:3 |       0 |     170 |   0.0 |       0 |      25 |   0.0 |   475
               +---------+---------+-------+---------+---------+-------+---------
